 Dungeon Crawl Stone Soup version 0.19-a0-1732-g0b18a7b (webtiles) character file.

28269 kae the Fencer (level 13, -10/104 HPs)
             Began as a Formicid Fighter on Sept 30, 2016.
             Was the Champion of Makhleb.
             Mangled by a frost giant
             ... wielding a +0 battleaxe of freezing
              (13 damage)
             ... in an ice cave.
             The game lasted 00:25:18 (14109 turns).

kae the Fencer (Formicid Fighter)                  Turns: 14109, Time: 00:25:18

Health: -10/104    AC: 18    Str: 40    XL:     13   Next: 72%
Magic:  17/17      EV:  6    Int: 14    God:    Makhleb [******]
Gold:   921        SH: 12    Dex: 13    Spells: 0 memorised, 12 levels left

rFire  . . .     SeeInvis +     G - +4 scimitar (flame)
rCold  . . .     Gourm    .     y - +4 plate armour
rNeg   . . .     Faith    .     c - +1 shield
rPois  .         Spirit   .     (helmet unavailable)
rElec  .         Dismiss  .     N - +0 cloak "Putu" {MR++ Str+3 Int+4 Stlth-} (curse)
rCorr  .         Reflect  .     D - +0 pair of gloves {Str+3}
MR     +++..     Harm     .     (no boots)
Stlth  ..........               t - amulet of regeneration
                                i - +5 ring of strength
                                e - +3 ring of dexterity

@: mighty
A: permanent stasis, dig shafts and tunnels, four strong arms, antennae 3
a: Dig, Shaft Self, Minor Destruction, Lesser Servant of Makhleb, Major
Destruction, Greater Servant of Makhleb, Renounce Religion


You were in an ice cave.
You worshipped Makhleb.
Makhleb was exalted by your worship.
You were not hungry.

You visited 3 branches of the dungeon, and saw 16 of its levels.
You also visited: Ice Cave.

You collected 1082 gold pieces.
You spent 161 gold pieces at shops.

Inventory:

Hand Weapons
 a - a +0 long sword
 G - a +4 scimitar of flaming (weapon)
Armour
 c - a +1 shield (worn)
 y - a +4 plate armour (worn)
 D - a +0 pair of gloves of strength (worn)
 N - the cursed +0 cloak "Putu" (worn) {MR++ Str+3 Int+4 Stlth-}
   (You found it on level 1 of the Lair of Beasts)

   It affects your strength (+3).
   It affects your intelligence (+4).
   It affects your resistance to hostile enchantments.
   It makes you less stealthy.
   It has a curse placed upon it.
Rods
 J - a +1 rod of clouds (14/14)
   (You found it on level 11 of the Dungeon)
Jewellery
 e - a +3 ring of dexterity (left hand)
 i - a +5 ring of strength (right hand)
 t - an amulet of regeneration (around neck)
 v - an uncursed ring of fire
 R - an uncursed ring of protection from fire
Wands
 d - a wand of confusion (31/48)
 o - a wand of confusion (14/48)
 r - a wand of digging (12/24)
 s - a wand of iceblast (0/15)
 B - a wand of paralysis (7/24)
 F - a wand of paralysis (11/24)
 I - a wand of acid (5/15)
 M - a wand of lightning (8/15)
 O - a wand of digging (14/24)
 U - a wand of confusion (27/48)
 X - a wand of flame (12/48)
Scrolls
 j - 2 scrolls of remove curse
 u - a scroll of amnesia
 w - 2 scrolls of noise
 A - 3 scrolls of vulnerability
 H - a scroll of enchant armour
 W - a scroll of magic mapping
Potions
 g - 2 potions of resistance
 h - a potion of might
 l - 9 potions of curing
 n - 2 potions of lignification
 x - a potion of magic
 E - a potion of flight
 P - a potion of agility
 Q - a potion of cancellation
 T - a potion of brilliance
 V - a potion of ambrosia
Books
 b - a book of Geomancy

   Spells                             Type                      Level
   a - Sandblast                      Earth                        1
   b - Passwall                       Transmutation/Earth          2
   c - Stone Arrow                    Conjuration/Earth            3
   d - Petrify                        Transmutation/Earth          4
   e - Lee's Rapid Deconstruction     Earth                        5
 k - a book of Transfigurations

   Spells                             Type                      Level
   a - Irradiate                      Conjuration/Transmutation    5
   b - Statue Form                    Transmutation/Earth          6
   c - Hydra Form                     Transmutation                6
   d - Dragon Form                    Transmutation                7
 z - the Collected Works on Earthen Ice
   (You found it in an ice cave)

   Spells                             Type                      Level
   a - Throw Frost                    Conjuration/Ice              2
   b - Passwall                       Transmutation/Earth          2
   c - Leda's Liquefaction            Hexes/Earth                  4
   d - Bolt of Magma                  Conjuration/Fire/Earth       5
 K - a book of Maledictions

   Spells                             Type                      Level
   a - Corona                         Hexes                        1
   b - Ensorcelled Hibernation        Hexes/Ice                    2
   c - Confuse                        Hexes                        3
   d - Tukima's Dance                 Hexes                        3
   e - Dazzling Spray                 Conjuration/Hexes            3
Comestibles
 f - 13 bread rations
 m - 4 meat rations
 p - a fruit
 q - 4 chunks of flesh
 L - 12 beef jerkies
 S - a royal jelly


   Skills:
 - Level 10.4 Fighting
 - Level 18.3 Long Blades
 + Level 4.8 Armour
 - Level 3.6 Shields
 * Level 5.6 Invocations


You had 12 spell levels left.
You didn't know any spells.

Dungeon Overview and Level Annotations

Branches:
Dungeon (11/15)            Temple (1/1) D:5            Lair (4/6) D:11
  Swamp (0/4) Lair:3        Snake (0/4) Lair:3          Orc (0/2) D:11

Altars:
Ashenzari
Cheibriados
Dithmenos
Elyvilon
Fedhas
Gozag
Hepliaklqana
Kikubaaqudgha
Makhleb
Nemelex Xobeh
Okawaru
Qazlal
Ru
Sif Muna
Trog
Uskayaw
Vehumet
Xom
Yredelemnul
Zin
The Shining One

Shops:
D:8 [

Annotations:
D:6 Pikel


Innate Abilities, Weirdness & Mutations

You are under a permanent stasis effect.
You can dig through walls and to a lower floor.
Your four strong arms can wield two-handed weapons with a shield.
You have a pair of large antennae on your head. (SInv)


Message History

You are too injured to fight recklessly!
You hit the frost giant. You burn the frost giant.
The frost giant is moderately wounded.
The frost giant hits you but does no damage.
You slice the frost giant!! You burn the frost giant.
The frost giant is heavily wounded.
You slice the frost giant!! You burn the frost giant.
The frost giant is severely wounded.
You block the frost giant's attack.
You hit the frost giant. You burn the frost giant.
The frost giant is severely wounded.
The frost giant points at you and mumbles some strange words.
The bolt of cold hits you!
* * * LOW HITPOINT WARNING * * *
You slash the frost giant! You burn the frost giant.
The frost giant is almost dead.
You hit the frost giant. You burn the frost giant.
The frost giant is almost dead.
The frost giant hits you with a battleaxe of freezing!
You die...

##≈≈##.##....## ##.
#≈≈≈##..#÷#÷..#
#####
#≈≈≈≈##...##..###.##
#≈≈≈≈#÷÷####...#..##
#≈
#≈≈≈.#.#≈≈##......#
#≈
###≈≈...≈≈≈###.##..
#≈ ###≈≈≈≈≈≈≈#
###... #≈
##.####≈≈≈## #....
#≈## #.@.#.#####
#..(# #≈≈#
#C#....### #.⌠.#
#≈≈###≈##.#.#.#
#(.(#
#≈≈#≈#####...##
#...#
##≈≈≈#§####...##
##..# #≈≈#.≈≈#
##.%.########
##≈≈#≈≈##
###≈..##.###
#≈≈≈≈≈≈≈##
##..#..#.# {
#≈#≈≈≈≈≈≈# ##...#..#


You could see a frost giant.

Vanquished Creatures
  2 hydras
  Erica (D:10)
  A death yak (IceCv)
  3 hill giants
  An orc sorcerer (D:11)
  5 elephants (Lair:3)
  Joseph (D:7)
  A black mamba (Lair:3)
  An ice statue (IceCv)
  A torpor snail (Lair:2)
  5 spiny frogs
  A troll (D:9)
  12 polar bears
  A two-headed ogre (D:8)
  Prince Ribbit (D:7)
  6 hippogriffs
  A wraith (D:10)
  38 yaks
  Grum (Lair:1)
  A vampire (D:11)
  2 basilisks
  A steam dragon (D:8)
  4 hungry ghosts
  Menkaure (D:7)
  5 water moccasins
  7 porcupines
  4 sky beasts
  3 orc warriors
  Duvessa (D:7)
  2 ice beasts
  4 slaves (D:7)
  2 wasps
  4 phantoms
  6 ogres
  15 wolves
  4 centaurs
  A big kobold (D:8)
  3 crocodiles
  9 bullfrogs
  A wyvern zombie (D:11)
  Dowan (D:7)
  3 scorpions
  A troll zombie (D:11)
  4 wights (D:7)
  12 killer bees
  6 howler monkeys
  4 crimson imps
  A quasit (D:11)
  3 centaur zombies
  2 jellies
  An orc priest (D:9)
  6 hounds
  4 orc wizards
  2 centaur skeletons
  2 bullfrog skeletons (D:6)
  2 hell rats (Lair:1)
  5 iguanas
  5 worker ants
  A killer bee zombie (D:10)
  7 ogre zombies (D:11)
  A hound zombie (D:5)
  2 hound skeletons
  The ghost of 4thArraOfDagon the Ducker, a weakling SpMo (D:4)
  A worker ant zombie (D:6)
  10 adders
  50 river rats
  2 shadow imps
  An ooze (D:3)
  2 adder skeletons
  2 worms (D:3)
  2 leopard geckos
  10 orcs
  2 ball pythons
  3 giant cockroaches
  5 goblins
  4 hobgoblins
  12 jackals
  8 kobolds
  7 quokkas
  19 bats
  2 goblin skeletons (D:11)
  A goblin zombie (D:11)
  A hobgoblin skeleton (D:11)
  5 hobgoblin zombies (D:11)
  2 jackal zombies
  3 orc skeletons (D:11)
  13 orc zombies (D:11)
  16 rats
422 creatures vanquished.

Vanquished Creatures (collateral kills)
  An orc wizard (D:9)
1 creature vanquished.

Vanquished Creatures (others)
  3 polar bears (IceCv)
  3 wolves (IceCv)
  A bush (Lair:3)
  4 fungi
  4 plants
15 creatures vanquished.

Grand Total: 438 creatures vanquished

Notes
Turn   | Place    | Note
-------+----------+-------------------------------------------
     0 | D:1      | kae the Formicid Fighter began the quest for the Orb.
     0 | D:1      | Reached XP level 1. HP: 18/18 MP: 1/1
   134 | D:1      | Reached XP level 2. HP: 16/24 MP: 2/2
   617 | D:2      | Found an ancient bone altar of Kikubaaqudgha.
   776 | D:3      | Noticed a centaur
   788 | D:3      | Killed a centaur
   788 | D:3      | Reached skill level 4 in Long Blades
   788 | D:3      | Reached XP level 3. HP: 4/30 MP: 3/3
   788 | D:3      | Reached XP level 4. HP: 6/37 MP: 4/4
  1062 | D:3      | Reached XP level 5. HP: 39/42 MP: 5/5
  1453 | D:3      | Noticed a centaur
  1554 | D:3      | Killed a centaur
  1554 | D:3      | Reached skill level 5 in Long Blades
  1554 | D:3      | Reached XP level 6. HP: 32/50 MP: 6/6
  1922 | D:4      | Reached skill level 5 in Fighting
  2008 | D:4      | Noticed 4thArraOfDagon's ghost (weakling SpMo)
  2035 | D:4      | Killed 4thArraOfDagon's ghost
  2062 | D:4      | Noticed an ogre
  2068 | D:4      | Killed an ogre
  2068 | D:4      | Reached XP level 7. HP: 48/56 MP: 7/7
  2648 | D:5      | Entered Level 5 of the Dungeon
  2656 | D:5      | Reached skill level 6 in Long Blades
  2985 | D:5      | Reached XP level 8. HP: 57/64 MP: 8/8
  3011 | D:5      | Found a staircase to the Ecumenical Temple.
  3135 | Temple   | Entered the Ecumenical Temple
  3236 | Temple   | Became a worshipper of Makhleb the Destroyer
  3324 | D:5      | Reached skill level 7 in Long Blades
  4077 | D:6      | Reached skill level 8 in Long Blades
  4223 | D:6      | Reached * piety under Makhleb
  4511 | D:7      | Noticed a hill giant
  4556 | D:7      | Noticed Prince Ribbit
  4562 | D:7      | Noticed Joseph
  4675 | D:7      | Noticed Pikel
  4682 | D:7      | Killed a hill giant
  4682 | D:7      | Reached skill level 9 in Long Blades
  4682 | D:7      | Reached XP level 9. HP: 20/74 MP: 9/9
  4690 | D:6      | You fall through a shaft for 2 floors!
  4970 | D:8      | Noticed a hippogriff
  4996 | D:8      | Killed a hippogriff
  5178 | D:8      | Noticed a hill giant
  5204 | D:8      | Killed a hill giant
  5204 | D:8      | Reached skill level 10 in Long Blades
  5464 | D:8      | Noticed a hippogriff
  5492 | D:8      | Killed a hippogriff
  5492 | D:8      | Reached XP level 10. HP: 33/83 MP: 10/10
  5942 | D:8      | Reached skill level 11 in Long Blades
  6050 | D:8      | Found Eziodora's Armour Shoppe.
  6068 | D:8      | Bought a +0 pair of gloves of strength for 161 gold pieces
  6089 | D:7      | Noticed Duvessa
  6113 | D:7      | Killed Duvessa
  6146 | D:7      | Noticed Dowan
  6159 | D:7      | Killed Dowan
  6465 | D:7      | Noticed Menkaure
  6483 | D:7      | Killed Menkaure
  6659 | D:7      | Reached ** piety under Makhleb
  6696 | D:7      | Killed Prince Ribbit
  6743 | D:7      | Killed Joseph
  6743 | D:7      | Reached skill level 10 in Fighting
  6743 | D:7      | Reached skill level 12 in Long Blades
  7517 | D:8      | Reached XP level 11. HP: 92/92 MP: 11/11
  8428 | D:9      | Reached skill level 13 in Long Blades
  8660 | D:10     | Entered Level 10 of the Dungeon
  8804 | D:10     | Noticed Erica
  8822 | D:10     | Killed Erica
  9172 | D:10     | Reached *** piety under Makhleb
  9268 | D:10     | Reached skill level 14 in Long Blades
  9418 | D:11     | Noticed a hill giant
  9718 | D:11     | Killed a hill giant
  9781 | D:11     | Reached **** piety under Makhleb
 10014 | D:11     | Found a staircase to the Orcish Mines.
 10014 | D:11     | Noticed an orc sorcerer
 10047 | D:11     | Killed an orc sorcerer
 10069 | D:11     | Reached skill level 15 in Long Blades
 10131 | D:11     | Reached ***** piety under Makhleb
 10131 | D:11     | Reached XP level 12. HP: 98/98 MP: 12/12
 10226 | D:11     | Found a staircase to the Lair.
 10348 | Lair:1   | Entered Level 1 of the Lair of Beasts
 10626 | Lair:1   | Noticed Grum
 10660 | Lair:1   | Killed Grum
 10846 | Lair:1   | Got a slimy cloak
 10857 | Lair:1   | Identified the cursed +0 cloak "Putu" {MR++ Str+3 Int+4 Stlth-} (You found it on level 1 of the Lair of Beasts)
 10890 | Lair:1   | Noticed a seven-headed hydra
 10900 | Lair:1   | Killed a five-headed hydra
 11152 | Lair:1   | Reached skill level 16 in Long Blades
 12377 | Lair:3   | Found a staircase to the Snake Pit.
 12467 | Lair:3   | Reached skill level 17 in Long Blades
 12487 | Lair:3   | Reached XP level 13. HP: 85/104 MP: 13/13
 12705 | Lair:3   | Found a staircase to the Swamp.
 13058 | Lair:4   | Reached ****** piety under Makhleb
 13068 | Lair:4   | Found a blossoming altar of Fedhas.
 13206 | Lair:4   | Noticed a four-headed hydra
 13212 | Lair:4   | Killed a one-headed hydra
 13261 | Lair:4   | Found a frozen archway.
 13277 | IceCv    | Entered an ice cave
 13302 | IceCv    | Reached skill level 18 in Long Blades
 13477 | IceCv    | Identified the Collected Works on Earthen Ice
 13579 | IceCv    | Reached skill level 1 in Invocations
 13798 | IceCv    | Noticed a frost giant
 13805 | IceCv    | Reached skill level 5 in Invocations
 14107 | IceCv    | HP: 2/104 [frost giant/bolt of cold (20)]
 14109 | IceCv    | Mangled by a frost giant

Vault maps used:
D:1:      dpeg_arrival_boxes_within_box
D:2:      lemuel_tele_altar
D:3:      serial_bayou_ford_a
D:4:      minmay_misc_feat_tiny, minivault_19, hangedman_decor_growths,
          serial_park_tiny_1
D:5:      first_bread, abandoned_shop, kennysheep_small_circle
D:7:      uniq_prince_ribbit1, uniq_menkaure, uniq_duvessa, uniq_pikel,
          uniq_joseph
D:8:      serial_shops, shop_coins
D:10:     serial_co_window_serial, co_window_corner_a, co_window_corner_a,
          co_window_corner_a, co_window_paths_a, co_window_of_opportunity_a,
          co_window_broadway_a, co_window_corner_b, co_window_broadway_a,
          glass_columns_b, glass_columns_a, glass_columns_a, uniq_erica
D:11:     grunt_lair_entry_orc_guard_hut, zombieorc2_lemuel, grunt_ogre_cave
Temple:   kilobyte_greek_temple
Lair:1:   kennysheep_rathole, uniq_grum
Lair:2:   st_stairs_6, minivault_23
Lair:3:   swamp_mist, dummy_snake_entry, wad_woods_06,
          infiniplex_staircase_pool_2
Lair:4:   portal_ice_cave_entry_pillars_1, basic_altar
IceCv:    ice_cave_caverns_03

Skill      XL: |  1  2  3  4  5  6  7  8  9 10 11 12 13 |
---------------+----------------------------------------+-----
Fighting       | 4 5 6 8 9 10 | 10.4
Long Blades    | 4 5 6 9 10 12 15 17 18 | 18.3
Invocations    | 5 |  5.6
Armour         | 4 |  4.8
Shields        | |  3.6

Action                   |  1- 3 |  4- 6 |  7- 9 | 10-12 | 13-15 || total
-------------------------+-------+-------+-------+-------+-------++-------
Melee: Long sword        |    62 |   116 |   352 |   428 |       ||   958
       Scimitar          |       |       |       |   587 |   317 ||   904
Invok: Lesser Servant of |       |       |       |     2 |     3 ||     5
 Abil: Dig               |     1 |       |     3 |    14 |     7 ||    25
       Shaft Self        |       |       |     1 |       |       ||     1
Evoke: Wand              |       |       |       |     3 |       ||     3
  Use: Scroll            |       |     4 |     6 |    13 |     4 ||    27
       Potion            |       |     1 |     1 |     2 |     5 ||     9
 Stab: Distracted        |       |       |       |     1 |       ||     1
  Eat: Chunk             |       |     4 |    12 |    22 |     8 ||    46
       Fruit             |       |       |       |     2 |       ||     2
       Meat ration       |       |       |       |     1 |       ||     1
       Beef jerky        |       |       |       |     1 |       ||     1
Armor: Scale mail        |    42 |    30 |    33 |       |       ||   105
       Plate armour      |       |       |   122 |   369 |   101 ||   592
Dodge: Dodged            |    20 |    29 |    69 |   161 |    37 ||   316
Block: Shield            |    33 |    51 |   156 |   454 |   136 ||   830
